BSA
ST CHARLES SHEENS @ VISTA PANTHERS
03/25/2026
 
TOP OF THE 1ST
St Charles Sheens batting - Pitching for Vista Panthers : LHP Li-xue Si-ma
Pitching: LHP Li-xue Si-ma
Batting: LHB Juan Jose Rojas 0-0: Ball
1-0: Foul Ball, location: 2F
1-1: Foul Ball, location: 2F
1-2: SINGLE (Groundball, 34D)
Batting: RHB Lorenzo González 0-0: Ball
1-0: Foul Ball, location: 2F
1-1: Ball
2-1: Called Strike
2-2: Foul Ball, location: 2F
2-2: Strikes out swinging
Batting: RHB Judson Backstrom 0-0: Foul Ball, location: 2F
0-1: Ball
1-1: SINGLE (Line Drive, 6MD)
Juan Jose Rojas to second
Batting: LHB Marcos Cantú 0-0: Foul Ball, location: 2F
0-1: Ball
1-1: Ball
2-1: Fielders Choice at 2nd, 4-6 (Groundball, 4)
Juan Jose Rojas to third
Batting: RHB Salvador Medine 0-0: Called Strike
0-1: Ball
1-1: Ball
2-1: Swinging Strike
2-2: Strikes out swinging
Top of the 1st over - 0 run(s), 2 hit(s), 0 error(s), 2 left on base; St Charles 0 - Vista 0
BOTTOM OF THE 1ST
Vista Panthers batting - Pitching for St Charles Sheens : RHP Larry Stewart
Pitching: RHP Larry Stewart
Batting: LHB Francisco Marino 0-0: Ball
1-0: Called Strike
1-1: Called Strike
1-2: DOUBLE (Line Drive, 9D)
Batting: RHB Justin Burgess 0-0: Ball
1-0: Ball
2-0: Swinging Strike
2-1: Called Strike
2-2: Ball
3-2: Fly out, F7 (Flyball, 8LM)
Batting: LHB Bob Cunningham 0-0: Called Strike
0-1: Ball
1-1: Called Strike
1-2: Fly out, F7 (Flyball, 7D)
Runner from 2nd tags up, SAFE at 3rd, no throw
Batting: RHB Cisco Gatán 0-0: Ground out 5-3 (Groundball, 6)
Bottom of the 1st over - 0 run(s), 1 hit(s), 0 error(s), 1 left on base; St Charles 0 - Vista 0
TOP OF THE 2ND
St Charles Sheens batting - Pitching for Vista Panthers : LHP Li-xue Si-ma
Batting: RHB Jesús Hernández 0-0: Ball
1-0: Ground out 6-3 (Groundball, 6)
Batting: SHB Richard Bowman 0-0: Ball
1-0: Called Strike
1-1: Foul Ball, location: 2F
1-2: Fly out, F8 (Line Drive, 8LM)
Batting: LHB Larry Howard 0-0: Ball
1-0: Ball
2-0: Ball
3-0: Base on Balls
Batting: RHB Víctor Arredondo 0-0: Ball
1-0: Called Strike
1-1: Ball
2-1: Ball
3-1: Called Strike
3-2: Ground out 6-3 (Groundball, 6)
Top of the 2nd over - 0 run(s), 0 hit(s), 0 error(s), 1 left on base; St Charles 0 - Vista 0
BOTTOM OF THE 2ND
Vista Panthers batting - Pitching for St Charles Sheens : RHP Larry Stewart
Batting: RHB Armando Colón 0-0: Ball
1-0: Foul Ball, location: 2F
1-1: Ball
2-1: DOUBLE (Line Drive, 9LS)
Batting: LHB Patrick Osborne 0-0: Foul Ball, location: 2F
0-1: Swinging Strike
0-2: Foul Ball, location: 2F
0-2: Ball
1-2: Foul Ball, location: 2F
1-2: Foul Ball, location: 2F
1-2: Ball
2-2: Foul Ball, location: 2F
2-2: Ground out 1-3 (Groundball, 25)
Batting: LHB Harry Pitts 0-0: Ball
1-0: Ball
2-0: Called Strike
2-1: Fly out, F8 (Flyball, 78XD)
Runner from 2nd tags up, SAFE at 3rd, no throw
Batting: RHB Wilson López 0-0: Called Strike
0-1: Ball
1-1: Ball
2-1: Ball
3-1: Base on Balls
Batting: RHB John Mendelson 0-0: Ball
1-0: Ball
2-0: Ground out U3 (Groundball, 3)
Bottom of the 2nd over - 0 run(s), 1 hit(s), 0 error(s), 2 left on base; St Charles 0 - Vista 0
TOP OF THE 3RD
St Charles Sheens batting - Pitching for Vista Panthers : LHP Li-xue Si-ma
Batting: LHB Juan Jose Rojas 0-0: Ground out 4-3 (Groundball, 4M)
Batting: RHB Lorenzo González 0-0: Ball
1-0: Fly out, F4 (Popup, 4MD)
Batting: RHB Judson Backstrom 0-0: Swinging Strike
0-1: Ball
1-1: Ball
2-1: Ball
3-1: Foul Ball, location: 2F
3-2: Foul Ball, location: 2F
3-2: Base on Balls
Batting: LHB Marcos Cantú 0-0: Called Strike
0-1: Ball
1-1: Ball
2-1: Fly out, F8 (Flyball, 8LS)
Top of the 3rd over - 0 run(s), 0 hit(s), 0 error(s), 1 left on base; St Charles 0 - Vista 0
BOTTOM OF THE 3RD
Vista Panthers batting - Pitching for St Charles Sheens : RHP Larry Stewart
Batting: LHB Francisco Marino 0-0: Ball
1-0: Called Strike
1-1: Ball
2-1: Foul Ball, location: 2F
2-2: Ball
3-2: Foul Ball, location: 2F
3-2: Ground out 2-3 (Groundball, 2L)
Batting: RHB Justin Burgess 0-0: Ball
1-0: Ground out U3 (Groundball, 3)
Batting: LHB Bob Cunningham 0-0: Foul Ball, location: 2F
0-1: Called Strike
0-2: Ball
1-2: Fly out, F9 (Flyball, 89M)
Bottom of the 3rd over - 0 run(s), 0 hit(s), 0 error(s), 0 left on base; St Charles 0 - Vista 0
TOP OF THE 4TH
St Charles Sheens batting - Pitching for Vista Panthers : LHP Li-xue Si-ma
Batting: RHB Salvador Medine 0-0: Ball
1-0: Ball
2-0: Ball
3-0: Called Strike
3-1: Fly out, F4 (Popup, 4)
Batting: RHB Jesús Hernández 0-0: Called Strike
0-1: Ground out 6-3 (Groundball, 6)
Batting: SHB Richard Bowman 0-0: Ball
1-0: Called Strike
1-1: Foul Ball, location: 2F
1-2: Ball
2-2: Ground out 6-3 (Groundball, 56)
Top of the 4th over - 0 run(s), 0 hit(s), 0 error(s), 0 left on base; St Charles 0 - Vista 0
BOTTOM OF THE 4TH
Vista Panthers batting - Pitching for St Charles Sheens : RHP Larry Stewart
Batting: RHB Cisco Gatán 0-0: Called Strike
0-1: Ball
1-1: Ball
2-1: SINGLE (Line Drive, 78M)
Batting: RHB Armando Colón 0-0: DOUBLE (Line Drive, 7LM)
Cisco Gatán to third
Batting: LHB Patrick Osborne 0-0: Ground out 5-3 (Groundball, 15S)
Cisco Gatán scores
Armando Colón to third
Batting: LHB Harry Pitts 0-0: Swinging Strike
0-1: Swinging Strike
0-2: Strikes out swinging
Batting: RHB Wilson López 0-0: Ball
1-0: Ball
2-0: Ground out 4-3 (Groundball, 4M)
Bottom of the 4th over - 1 run(s), 2 hit(s), 0 error(s), 1 left on base; St Charles 0 - Vista 1
TOP OF THE 5TH
St Charles Sheens batting - Pitching for Vista Panthers : LHP Li-xue Si-ma
Pitching: LHP John Whitaker
Batting: LHB Larry Howard 0-0: Called Strike
0-1: Ball
1-1: Called Strike
1-2: Ball
2-2: Strikes out looking
Batting: RHB Víctor Arredondo 0-0: Ball
1-0: Ball
2-0: Ball
3-0: Called Strike
3-1: Base on Balls
Batting: LHB Juan Jose Rojas 0-0: Ball
1-0: Called Strike
1-1: Called Strike
1-2: SINGLE (Groundball, 2R) (infield hit)
Víctor Arredondo to second
Batting: RHB Lorenzo González 0-0: Ball
1-0: Ball
2-0: Called Strike
2-1: Foul Ball, location: 2F
2-2: Strikes out swinging
Batting: RHB Judson Backstrom 0-0: Foul Ball, location: 2F
0-1: Ball
1-1: Ground out 3-1 (Groundball, 3)
Top of the 5th over - 0 run(s), 1 hit(s), 0 error(s), 2 left on base; St Charles 0 - Vista 1
BOTTOM OF THE 5TH
Vista Panthers batting - Pitching for St Charles Sheens : RHP Larry Stewart
Pitching: RHP Bob Moss
Batting: RHB John Mendelson 0-0: Fly out, F3 (Popup, 3DF)
Batting: LHB Francisco Marino 0-0: SINGLE (Line Drive, 34D)
Batting: RHB Justin Burgess 0-0: Ball
1-0: Called Strike
1-1: Swinging Strike
1-2: Strikes out looking
Francisco Marino steals 2nd base
Batter strikes out.
Batting: LHB Bob Cunningham 0-0: Called Strike
0-1: Ground out 5-3 (Groundball, 5S)
Bottom of the 5th over - 0 run(s), 1 hit(s), 0 error(s), 1 left on base; St Charles 0 - Vista 1
TOP OF THE 6TH
St Charles Sheens batting - Pitching for Vista Panthers : LHP John Whitaker
Batting: LHB Marcos Cantú 0-0: Called Strike
0-1: Called Strike
0-2: Ball
1-2: Ball
2-2: Foul Ball, location: 2F
2-2: Strikes out swinging
Batting: RHB Salvador Medine 0-0: Foul Ball, location: 2F
0-1: Ball
1-1: SINGLE (Line Drive, 6MD)
Batting: RHB Jesús Hernández 0-0: Called Strike
0-1: Ball
1-1: Ball
Salvador Medine steals 2nd base
2-1: SINGLE (Groundball, 6MD)
Salvador Medine to third
Runner from 3rd tries for Home, SAFE, no throw or cutoff
Batting: SHB Richard Bowman 0-0: Foul Ball, location: 2F
0-1: Called Strike
0-2: Ball
1-2: Foul Ball, location: 2F
1-2: Fly out, F3 (Popup, 3SF)
Batting: LHB Larry Howard 0-0: Ball
1-0: Ball
2-0: Ball
3-0: Base on Balls
Jesús Hernández to second
Batting: RHB Víctor Arredondo 0-0: Ball
1-0: Called Strike
1-1: Ball
2-1: Ball
3-1: Fielders Choice at 2nd, U6 (Groundball, 6M)
Top of the 6th over - 1 run(s), 2 hit(s), 0 error(s), 2 left on base; St Charles 1 - Vista 1
BOTTOM OF THE 6TH
Vista Panthers batting - Pitching for St Charles Sheens : RHP Bob Moss
Batting: RHB Cisco Gatán 0-0: Called Strike
0-1: Fly out, F8 (Line Drive, 8LM)
Batting: RHB Armando Colón 0-0: Called Strike
0-1: Ground out 6-3 (Groundball, 6)
Batting: LHB Patrick Osborne 0-0: Foul Ball, location: 2F
0-1: Ball
1-1: Ball
2-1: SINGLE (Groundball, 5S)
Batting: LHB Harry Pitts 0-0: Ball
1-0: Foul Ball, location: 2F
1-1: SINGLE (Line Drive, 8RM)
Patrick Osborne to second
Runner from 2nd tries for 3rd, SAFE, throw made to third
Batting: RHB Wilson López 0-0: Ball
1-0: Ball
2-0: Foul Ball, location: 2F
2-1: Foul Ball, location: 2F
2-2: Fly out, F9 (Line Drive, 9M)
Bottom of the 6th over - 0 run(s), 2 hit(s), 0 error(s), 2 left on base; St Charles 1 - Vista 1
TOP OF THE 7TH
St Charles Sheens batting - Pitching for Vista Panthers : LHP John Whitaker
Batting: LHB Juan Jose Rojas 0-0: Called Strike
0-1: Foul Ball, location: 2F
0-2: Strikes out swinging
Pitching: RHP José Betancourt
Pinch Hitting: LHB Jeff Carter 0-0: Called Strike
0-1: Foul Ball, location: 2F
0-2: Ball
1-2: SINGLE (Groundball, 6MD)
Batting: RHB Judson Backstrom 0-0: Ball
1-0: Ball
2-0: Swinging Strike
2-1: Fly out, F4 (Line Drive, 4)
Pinch Hitting: LHB Stan Bates 0-0: Ball
1-0: SINGLE (Flyball, 9S)
Jeff Carter to second
Runner from 2nd tries for 3rd, OUT!
Top of the 7th over - 0 run(s), 2 hit(s), 0 error(s), 1 left on base; St Charles 1 - Vista 1
BOTTOM OF THE 7TH
Vista Panthers batting - Pitching for St Charles Sheens : RHP Bob Moss
Pitching: LHP Shan Liu
Now at 3B: Jeff Carter
Now in RF: Bob Ware
Batting: RHB John Mendelson 0-0: Ball
1-0: Ball
2-0: Called Strike
2-1: Ball
3-1: Foul Ball, location: 2F
3-2: Strikes out looking
Pinch Hitting: RHB Greg Handrahan 0-0: Foul Ball, location: 2F
0-1: Ball
1-1: Ball
2-1: Ball
3-1: Swinging Strike
3-2: Strikes out swinging
Pinch Hitting: RHB Pedro Rosado 0-0: Ball
1-0: Foul Ball, location: 2F
1-1: Ball
2-1: Foul Ball, location: 2F
2-2: SINGLE (Groundball, 3S) (infield hit)
Pinch Hitting: RHB Phil Matthews 0-0: Ball
1-0: Foul Ball, location: 2F
1-1: Foul Ball, location: 2F
1-2: Ball
2-2: Ball
Pedro Rosado is caught stealing 2nd base
Bottom of the 7th over - 0 run(s), 1 hit(s), 0 error(s), 0 left on base; St Charles 1 - Vista 1
TOP OF THE 8TH
St Charles Sheens batting - Pitching for Vista Panthers : RHP José Betancourt
Now at 2B: Brent Alonzo
Now at SS: Phil Matthews
Now in CF: Pedro Rosado
Pinch Hitting: LHB Gene Cooper 0-0: Foul Ball, location: 2F
0-1: Swinging Strike
0-2: Ground out U3 (Groundball, 3L)
Pinch Hitting: RHB Max Rash 0-0: Foul Ball, location: 2F
0-1: SINGLE (Groundball, 6M)
Pinch Hitting: RHB Kel Pierce 0-0: Foul Ball, location: 2F
0-1: Ball
1-1: Ball
2-1: Foul Ball, location: 2F
2-2: Foul Ball, location: 2F
2-2: Strikes out swinging
Pitching: LHP Tomiji Takuda
Pinch Hitting: RHB Guo-xiu Choi 0-0: Ball
1-0: Ball
2-0: Called Strike
2-1: Foul Ball, location: 2F
2-2: Ground out 6-3 (Groundball, 6)
Top of the 8th over - 0 run(s), 1 hit(s), 0 error(s), 1 left on base; St Charles 1 - Vista 1
BOTTOM OF THE 8TH
Vista Panthers batting - Pitching for St Charles Sheens : LHP Shan Liu
Pitching: LHP Greg Taylor
Now at 1B: Max Rash
Now at 2B: Theron Harper
Now at 3B: Gene Cooper
Now in CF: Guo-xiu Choi
Batting: RHB Phil Matthews 0-0: Ball
1-0: Ball
2-0: Ground out 6-3 (Groundball, 6)
Batting: RHB Cisco Gatán 0-0: DOUBLE (Flyball, 7LM)
Batting: RHB Armando Colón 0-0: Ball
1-0: Foul Ball, location: 2F
1-1: Ball
2-1: Called Strike
2-2: Foul Ball, location: 2F
2-2: Ball
Wild Pitch!
Cisco Gatán to third
3-2: Fly out, F8 (Line Drive, 8RS)
Batting: LHB Patrick Osborne 0-0: Fly out, F8 (Line Drive, 8RM)
Bottom of the 8th over - 0 run(s), 1 hit(s), 0 error(s), 1 left on base; St Charles 1 - Vista 1
TOP OF THE 9TH
St Charles Sheens batting - Pitching for Vista Panthers : LHP Tomiji Takuda
Pitching: RHP Jeremy Murray
Pinch Hitting: RHB Júlio Figueroa 0-0: Called Strike
0-1: Fly out, F7 (Flyball, 7S)
Batting: LHB Juan Jose Rojas 0-0: Called Strike
0-1: Called Strike
0-2: Ball
1-2: Strikes out swinging
Batting: LHB Jeff Carter 0-0: Called Strike
0-1: Fly out, F9 (Popup, 4D)
Top of the 9th over - 0 run(s), 0 hit(s), 0 error(s), 0 left on base; St Charles 1 - Vista 1
BOTTOM OF THE 9TH
Vista Panthers batting - Pitching for St Charles Sheens : LHP Greg Taylor
Now in LF: Dan Tyler
Batting: LHB Harry Pitts 0-0: Foul Ball, location: 2F
0-1: Ground out 6-3 (Groundball, 6M)
Pinch Hitting: RHB Luis Martínez 0-0: Ball
1-0: Ball
2-0: Ball
3-0: Called Strike
3-1: DOUBLE (Flyball, 8LXD)
Batting: RHB Bonifacio Torres 0-0: Intentional Walk
Batting: LHB Brent Alonzo 0-0: Ball
Wild Pitch!
Luis Martínez to third
Bonifacio Torres to second
1-0: Intentional Walk
Batting: RHB Pedro Rosado 0-0: Called Strike
0-1: Ball
1-1: Fly out, F4 (Line Drive, 4)
1-1: Lined into DP, 4-6 (Line Drive, 4)
Bottom of the 9th over - 0 run(s), 1 hit(s), 0 error(s), 2 left on base; St Charles 1 - Vista 1
TOP OF THE 10TH
St Charles Sheens batting - Pitching for Vista Panthers : RHP Jeremy Murray
Now at 1B: Luis Martínez
Batting: RHB Judson Backstrom 0-0: Called Strike
0-1: Fly out, F9 (Flyball, 89XD)
Batting: LHB Bob Ware 0-0: Foul Ball, location: 2F
0-1: Ball
1-1: Foul Ball, location: 2F
1-2: Ground out U3 (Groundball, 3)
Batting: LHB Gene Cooper 0-0: Ball
1-0: Called Strike
1-1: Ball
2-1: Ball
3-1: Base on Balls
Batting: RHB Max Rash 0-0: Swinging Strike
0-1: Ball
1-1: Foul Ball, location: 2F
1-2: Ball
2-2: Foul Ball, location: 2F
2-2: Ball
3-2: Strikes out looking
Top of the 10th over - 0 run(s), 0 hit(s), 0 error(s), 1 left on base; St Charles 1 - Vista 1
BOTTOM OF THE 10TH
Vista Panthers batting - Pitching for St Charles Sheens : LHP Greg Taylor
Batting: RHB Phil Matthews 0-0: Called Strike
0-1: Ball
1-1: Ball
2-1: Called Strike
2-2: Foul Ball, location: 2F
2-2: Ball
3-2: TRIPLE (Line Drive, 7LM)
Batting: RHB Cisco Gatán 0-0: Ground out 3-1 (Groundball, 23)
Batting: RHB Armando Colón 0-0: Intentional Walk
Batting: LHB Patrick Osborne 0-0: Called Strike
0-1: Ball
1-1: Fly out, F6 (Popup, 56D)
Batting: LHB Harry Pitts 0-0: Called Strike
0-1: Ball
1-1: Ball
2-1: Fly out, F8 (Flyball, 8RD)
Bottom of the 10th over - 0 run(s), 1 hit(s), 0 error(s), 2 left on base; St Charles 1 - Vista 1
TOP OF THE 11TH
St Charles Sheens batting - Pitching for Vista Panthers : RHP Jeremy Murray
Pitching: RHP Riley Johnston
Pinch Hitting: LHB Jason Lambert 0-0: Called Strike
0-1: Ball
1-1: Foul Ball, location: 2F
1-2: Strikes out swinging
Batting: RHB Guo-xiu Choi 0-0: Ground out 5-3 (Groundball, 56)
Batting: RHB Dan Tyler 0-0: Ball
1-0: Called Strike
1-1: Ball
2-1: Ball
3-1: Foul Ball, location: 2F
3-2: Strikes out swinging
Top of the 11th over - 0 run(s), 0 hit(s), 0 error(s), 0 left on base; St Charles 1 - Vista 1
BOTTOM OF THE 11TH
Vista Panthers batting - Pitching for St Charles Sheens : LHP Greg Taylor
Now at 1B: Jason Lambert
Batting: RHB Luis Martínez 0-0: Ball
1-0: Ball
2-0: Ball
3-0: Base on Balls
Batting: RHB Bonifacio Torres 0-0: Swinging Strike
0-1: Ball
1-1: Called Strike
1-2: 2-RUN HOME RUN (Line Drive, 78XD), Distance : 423 ft
Monday, December 5th, 2016 - OOTP Baseball 17.12 Build 75